AoeStats
← Antonio

Arena

510269066Analyzed
3v3 RM · 12h ago on Sep 30, 2026· 132m 55s· 6 players
Game mode
Random Map
Map size
Normal (6 player)
Population
200
Speed
Normal
Resources
Standard
Victory
Conquest
Starting age
Dark Age
Ending age
Imperial Age
RankedLock teamsTeams togetherTeam positionsShared explorationLock speedFull tech treeHidden civsTurbo modeCheats
Victory
Defeat
🇳🇿 Celts · New Zealand
662
+18
🇵🇪 Britons · Peru
556
+22
🇨🇦 Khmer · Canada
539
+23
🇨🇳 Hindustanis · China
783
-24
🇦🇷 Teutons · Argentina
775
-25
🇨🇳 Turks · China
526
-14
无语
10:36 Feudal Age
12:31 Double-Bit Axe
12:28 Horse Collar
15:39 Castle Age
17:17 Bow Saw
17:11 Caravan
22:07 Gold Mining
23:31 Heavy Plow
25:17 Stone Mining
28:30 Wheelbarrow
28:30 Town Watch
28:30 Loom
28:30 Town Watch
28:30 Loom
32:10 Imperial Age
29:56 Hand Cart
29:41 Town Patrol
31:30 Coinage
33:10 Grand Trunk Road
33:34 Conscription
33:50 Hoardings
34:13 Banking
33:53 Heavy Camel Rider
34:58 Fortified Wall
34:59 Masonry
35:51 Chemistry
35:11 Ballistics
34:59 Scale Barding Armor
35:04 Forging
35:20 Husbandry
35:31 Bloodlines
38:09 Stone Shaft Mining
38:09 Gold Shaft Mining
39:11 Chain Barding Armor
39:26 Iron Casting
38:42 Fletching
39:01 Imperial Camel Rider
40:11 Siege Engineers
41:57 Plate Barding Armor
42:22 Blast Furnace
44:02 Two-Man Saw
43:04 Bodkin Arrow
43:09 Padded Archer Armor
43:07 Murder Holes
44:55 Guard Tower
45:08 Bracer
45:11 Devotion
45:08 Herbal Medicine
47:49 Shatagni
53:34 Spies/Treason
58:23 Thumb Ring
58:45 Leather Archer Armor
58:30 Scale Mail Armor
67:38 Ring Archer Armor
67:24 Chain Mail Armor
70:10 Crossbowman
70:14 Heavy Cavalry Archer
70:16 Elite Skirmisher
80:33 Siege Elephant
83:08 Faith
Master Noob
10:26 Feudal Age
14:46 Castle Age
13:25 Double-Bit Axe
13:38 Horse Collar
16:16 Bow Saw
18:42 Wheelbarrow
23:20 Hand Cart
23:18 Gold Mining
25:06 Stone Mining
25:26 Heavy Plow
25:40 Loom
25:41 Town Watch
26:44 Stone Shaft Mining
30:31 Imperial Age
28:06 Caravan
31:12 Fortified Wall
31:12 Masonry
31:23 Ballistics
30:56 Fletching
32:29 Chemistry
31:34 Siege Engineers
31:32 Bodkin Arrow
33:47 Two-Man Saw
33:21 Crop Rotation
34:07 Town Patrol
34:48 Coinage
34:28 Guilds
35:55 Forging
35:45 Scale Mail Armor
35:50 Scale Barding Armor
36:10 Crenellations
36:14 Conscription
35:15 Elite Teutonic Knight
36:30 Hoardings
38:41 Cavalier
39:34 Bloodlines
40:01 Iron Casting
39:46 Chain Barding Armor
39:38 Onager
41:12 Chain Mail Armor
41:58 Blast Furnace
41:22 Chain Barding Armor
45:21 Plate Mail Armor
45:26 Plate Barding Armor
44:54 Siege Onager
47:05 Ironclad
47:06 Padded Archer Armor
47:30 Bombard Tower
46:58 Arrowslits
48:07 Banking
47:13 Paladin
55:26 Leather Archer Armor
66:10 Ring Archer Armor
65:16 Sappers
75:25 Capped Ram
75:29 Heavy Scorpion
84:56 Guard Tower
91:33 Keep
90:52 Heated Shot
91:12 Clinker Construction
91:13 Careening
91:09 Siphons
91:01 Gambesons
91:16 Squires
91:02 Arson
90:38 Pikeman
90:39 Man-at-Arms
90:43 Crossbowman
90:43 Elite Skirmisher
90:44 Heavy Mounted Crossbowman
Antonio
11:24 Feudal Age
15:30 Castle Age
14:00 Double-Bit Axe
14:06 Horse Collar
16:52 Bow Saw
17:34 Heavy Plow
18:24 Wheelbarrow
23:51 Heavy Plow
26:18 Stone Mining
26:19 Gold Mining
27:41 Loom
28:11 Hand Cart
27:42 Town Watch
28:34 Hand Cart
31:44 Imperial Age
29:23 Town Patrol
30:47 Gold Shaft Mining
30:40 Masonry
30:13 Treadmill Crane
33:35 Two-Man Saw
32:59 Bombard Tower
33:10 Architecture
32:36 Murder Holes
32:51 Fortified Wall
33:03 Ballistics
32:28 Arrowslits
33:58 Padded Archer Armor
33:49 Elite Janissary
34:51 Conscription
34:32 Artillery
35:08 Hoardings
37:51 Caravan
38:21 Coinage
38:02 Guilds
41:47 Banking
46:52 Leather Archer Armor
46:30 Fletching
60:35 Spies/Treason
61:37 Sipahi
60:48 Sappers
120:56 Crossbowman
121:42 Thumb Ring
122:04 Parthian Tactics
121:00 Heavy Cavalry Archer
DAZACO
11:08 Feudal Age
17:54 Castle Age
17:38 Scale Mail Armor
17:49 Forging
18:13 Man-at-Arms
19:54 Gold Mining
21:42 Gold Shaft Mining
22:37 Double-Bit Axe
25:50 Bow Saw
25:37 Horse Collar
26:50 Long Swordsman
28:51 Heavy Plow
29:38 Wheelbarrow
31:02 Hand Cart
31:42 Arson
35:32 Imperial Age
33:09 Stone Mining
32:43 Pikeman
33:50 Ballistics
33:46 Masonry
35:51 Caravan
37:06 Chain Mail Armor
37:27 Iron Casting
36:24 Two-Handed Swordsman
36:34 Halberdier
38:04 Capped Ram
40:12 Iron Casting
40:38 Padded Archer Armor
40:28 Fletching
41:30 Architecture
41:55 Onager
43:10 Leather Archer Armor
43:19 Elite Skirmisher
43:58 Bodkin Arrow
44:36 Ring Archer Armor
45:30 Blast Furnace
44:42 Bracer
46:20 Crop Rotation
47:09 Hand Cart
46:40 Loom
46:41 Town Watch
48:18 Chemistry
47:19 Crossbowman
50:30 Siege Ram
53:07 Elite Ballista Elephant
55:33 Double Crossbow
56:17 Arbalester
57:49 Parthian Tactics
58:32 Blast Furnace
57:39 Scale Barding Armor
58:41 Blast Furnace
62:26 Elite Battle Elephant
63:10 Tusk Swords
64:36 Husbandry
64:47 Bloodlines
64:06 Elite Battle Elephant
66:34 Chain Barding Armor
68:41 Heavy Scorpion
77:59 Cavalier
82:52 Plate Barding Armor
86:33 Heavy Cavalry Archer
93:01 Guard Tower
93:17 Siege Engineers
93:05 Guard Tower
103:55 Keep
103:30 Fortified Wall
IItsFizz
3:10 Loom
12:08 Feudal Age
12:40 Double-Bit Axe
12:45 Horse Collar
17:52 Wheelbarrow
20:31 Castle Age
21:46 Heavy Plow
22:01 Bow Saw
25:56 Gold Mining
28:49 Scale Mail Armor
29:00 Forging
28:47 Man-at-Arms
29:19 Arson
29:23 Gambesons
30:05 Long Swordsman
31:38 Gold Shaft Mining
30:57 Stone Mining
31:53 Iron Casting
31:53 Pikeman
35:36 Imperial Age
33:55 Chain Mail Armor
34:52 Stronghold
34:58 Town Watch
36:55 Conscription
36:51 Furor Celtica
36:06 Capped Ram
38:23 Siege Ram
42:37 Blast Furnace
42:08 Plate Mail Armor
42:25 Elite Woad Raider
46:08 Halberdier
64:11 Coinage
65:30 Guilds
lycandros
8:24 Loom
13:08 Feudal Age
25:30 Castle Age
24:42 Stone Mining
24:44 Gold Mining
24:39 Horse Collar
25:37 Wheelbarrow
33:41 Imperial Age
32:49 Hand Cart
34:56 Elite Longbowman
35:48 Padded Archer Armor
35:39 Fletching
36:49 Double-Bit Axe
37:08 Heavy Plow
38:18 Gold Shaft Mining
40:44 Bow Saw
40:52 Leather Archer Armor
40:33 Bodkin Arrow
41:07 Yeomen
52:22 Chemistry
53:21 Caravan
53:51 Coinage
53:32 Guilds
52:50 Light Cavalry
53:31 Husbandry
52:52 Cavalier
55:00 Two-Man Saw
53:56 Town Watch
56:47 Siege Engineers
57:12 Ballistics
63:05 Banking
65:00 Scale Barding Armor
64:56 Scale Mail Armor
65:06 Forging
64:57 Bracer
65:28 Ring Archer Armor
69:12 Warwolf
68:44 Sappers
69:38 Conscription
69:54 Hoardings
69:19 Guard Tower
69:24 Treadmill Crane
70:28 Chain Barding Armor
70:23 Chain Mail Armor
70:44 Iron Casting
79:20 Pikeman
79:20 Man-at-Arms
79:46 Gambesons
80:02 Squires
79:47 Arson
83:12 Halberdier
83:13 Long Swordsman
85:30 Two-Handed Swordsman
86:59 Champion
87:03 Heavy Scorpion
87:04 Onager
87:08 Capped Ram
89:53 Town Patrol
90:37 Crossbowman
90:39 Cranequins
90:40 Heavy Mounted Crossbowman
90:41 Elite Skirmisher
91:25 Arbalester
Connection lost

Rejoining the realm…

Still unreachable

The connection could not be restored.

Session expired

The server has moved on; the page needs a fresh start.